 Dungeon Crawl Stone Soup version 0.21-a0-440-g28109cb (webtiles) character file.

132 Kikal the Ruffian (level 4, -7/35 HPs)
             Began as a Mummy Monk on Nov 11, 2017.
             Was a Believer of Okawaru.
             Mangled by Crazy Yiuf
             ... wielding a +2 quarterstaff of chaos
              (9 damage)
             ... on level 2 of the Dungeon.
             The game lasted 00:12:46 (4718 turns).

Kikal the Ruffian (Mummy Monk)                      Turns: 4718, Time: 00:12:47

Health: -7/35      AC:  3    Str: 15    XL:     4   Next: 92%
Magic:  4/4        EV: 12    Int:  9    God:    Okawaru [**....]
Gold:   261        SH:  0    Dex: 14    Spells: 3/3 levels left

rFire    x . .     SeeInvis .     - Unarmed
rCold    + . .     Gourm    .   (no shield)
rNeg     + + +     Faith    .   i - +0 leather armour
rPois    ∞         Spirit   .   (no helmet)
rElec    .         Reflect  .   (no cloak)
rCorr    .         Harm     .   (no gloves)
MR       .....                  (no boots)
Stlth    ++........             (no amulet)
HPRegen  0.11/turn              (no ring)
MPRegen  0.09/turn              (no ring)

@: no status effects
A: no food or potions, fire vulnerability, cold resistance 1, negative energy
resistance 3, torment resistance, unbreathing
a: Heroism, Renounce Religion


You were on level 2 of the Dungeon.
You worshipped Okawaru.
Okawaru was pleased with you.
You were not hungry.

You visited 2 branches of the dungeon, and saw 5 of its levels.
You also visited: Ossuary.

You collected 261 gold pieces.

Inventory:

Missiles
 b - 28 poisoned needles
 c - 120 stones (quivered)
 m - 4 tomahawks
 n - 2 throwing nets
 u - 7 javelins of penetration
Armour
 a - a +0 robe
 h - a +0 shield
 i - a +0 leather armour (worn)
 p - a +0 chain mail
Magical Staves
 q - a cursed staff of wizardry {unknown}
Wands
 s - a wand of polymorph (13/24)
 t - a wand of polymorph (11/24)
 v - a wand of confusion (22/48)
Scrolls
 d - 3 scrolls of recharging {unknown}
 e - 3 scrolls of teleportation {unknown}
 f - 2 scrolls of blinking {unknown}
 g - 2 scrolls of immolation {unknown}
 j - a scroll of magic mapping {unknown}
 k - 8 scrolls of identify {unknown}
 l - a scroll of random uselessness {unknown}
 o - 3 scrolls of remove curse {unknown}
 r - a scroll of enchant weapon {unknown}


   Skills:
 + Level 3.2 Fighting
 - Level 2.4 Dodging
 - Level 1.5 Stealth
 * Level 4.5 Unarmed Combat


You had 3 spell levels left.
You didn't know any spells.

Dungeon Overview and Level Annotations

Branches:
Dungeon (4/15)             Temple (1/1) D:4

Altars:
Ashenzari
Cheibriados
Elyvilon
Gozag
Hepliaklqana
Nemelex Xobeh
Okawaru
Ru
Uskayaw
Vehumet
Yredelemnul
Zin
The Shining One

Annotations:
D:2 Crazy Yiuf
D:4 exclusion: 2 gnolls


Innate Abilities, Weirdness & Mutations

You do not eat or drink.
Your flesh is vulnerable to fire.
You are immune to poison.
Your flesh is cold resistant. (rC+)
You are immune to negative energy. (rN+++)
You are immune to unholy pain and torment.
You can survive without breathing.


Message History

Found a mace.
There is an open door here.
Crazy Yiuf shouts!
Crazy Yiuf hits you with a quarterstaff of chaos!
You take 9 damage, and have 26/35 hp.
MASSIVE DAMAGE!!
You hit Crazy Yiuf but do no damage. Crazy Yiuf closely misses you.
Evoke which item? (* to show all) (? for menu, Esc to quit)
Aiming: Confuse (will waste charges)
Press: ? - help, Shift-Dir - straight line, f - Crazy Yiuf
Aim: Crazy Yiuf, wielding a quarterstaff of chaos and wearing a cloak (chance to defeat MR: 54%) Crazy Yiuf resists with significant effort.
Evoking this partially-identified wand wasted a few charges.
Crazy Yiuf hits you with a quarterstaff of chaos.
You are electrocuted!
Ouch! That really hurt!
* * * LOW HITPOINT WARNING * * *
You take 24 damage, and have 2/35 hp.
MASSIVE DAMAGE!!
You barely miss Crazy Yiuf.
Crazy Yiuf hits you with a quarterstaff of chaos!
You die...

#.....................
######........###.####
#.######.# #.#### ###
### #..... ######
♣♣♣♣♣##.####
#####♣♣♣.♣...#.....
#...#♣..♣........##
#g@.'.♣♣♣♣P......#
#)..#♣♣ ♣♣..#...#
##### ♣♣###..# #...#
###.# ####.# #.##.#
#.##.# #.##.#


You could see Crazy Yiuf.

Vanquished Creatures
  2 worker ants
  An adder (D:4)
  An ooze (D:2)
  3 worms (D:2)
  5 dart slugs
  A leopard gecko (D:2)
  7 bats
  A giant cockroach (D:4)
  5 goblins
  6 hobgoblins
  2 jackals (D:1)
  A quokka (D:2)
  3 ball pythons
  A frilled lizard (D:3)
  2 jackal skeletons (D:4)
  11 kobolds
  3 rats
55 creatures vanquished.

Notes
Turn   | Place    | Note
-------+----------+-------------------------------------------
     0 | D:1      | Kikal the Mummy Monk began the quest for the Orb.
     0 | D:1      | Reached XP level 1. HP: 18/18 MP: 1/1
   672 | D:1      | Reached XP level 2. HP: 14/24 MP: 2/2
   829 | D:1      | Reached skill level 3 in Unarmed Combat
  1513 | D:1      | Reached XP level 3. HP: 25/29 MP: 3/3
  1759 | D:2      | Found a shattered altar of Ashenzari.
  2302 | D:2      | Found a runed door.
  2533 | D:2      | Found a white marble altar of Elyvilon.
  2562 | D:2      | Reached skill level 4 in Unarmed Combat
  2562 | D:2      | Reached XP level 4. HP: 14/35 MP: 4/4
  3307 | D:3      | Found a white marble altar of Elyvilon.
  3381 | D:3      | Found a basalt altar of Yredelemnul.
  3790 | D:4      | Found a sand-covered staircase.
  3799 | Ossuary  | Entered an ossuary
  3799 | Ossuary  | Noticed anet's ghost (amateur GrWz)
  4136 | D:4      | Found a faded altar of an unknown god.
  4140 | D:4      | Found a staircase to the Ecumenical Temple.
  4162 | Temple   | Entered the Ecumenical Temple
  4242 | Temple   | Became a worshipper of Warmaster Okawaru
  4242 | Temple   | Reached * piety under Okawaru
  4242 | Temple   | Reached ** piety under Okawaru
  4712 | D:2      | Noticed Crazy Yiuf
  4718 | D:2      | Mangled by Crazy Yiuf

Vault maps used:
D:1:      roderic_octagonal_star
D:2:      ashenzari_conservatory_becter, minmay_tree_intersection,
          elyvilon_altar_5, uniq_crazy_yiuf_cottage
D:3:      kennysheep_ying_yang
D:4:      nicolae_temple_entry_ecumenical, enter_ossuary_1
Temple:   cyrus_temple_forest
Ossuary:  ossuary_tomb_1

Skill      XL: |  1  2  3 |
---------------+----------+-----
Unarmed Combat | 3 4 |  4.5
Fighting       | |  3.2
Dodging        | |  2.4
Stealth        | |  1.5

Action                   |  1- 3 |  4- 6 || total
-------------------------+-------+-------++-------
Melee: Unarmed           |   139 |    68 ||   207
       Punch             |     5 |     2 ||     7
Throw: Stone             |    14 |     1 ||    15
Evoke: Wand              |       |     1 ||     1
 Stab: Sleeping          |     3 |     1 ||     4
Armor: Robe              |    13 |       ||    13
       Leather armour    |    18 |     7 ||    25
Dodge: Dodged            |    93 |    29 ||   122

Table legend:
 A = Spawn XP
 B = Non-spawn XP
 C = Spawn XP percentage of total XP
 D = Spawn monster count
 E = Non-spawn monster count
 F = Spawn count percentage of total count
 G = Total turns spent on level
                    A         B        C        D         E        F      G
               +---------+---------+-------+---------+---------+-------+---------
         Total |       0 |     189 |   0.0 |       0 |      55 |   0.0 |  4718
               +---------+---------+-------+---------+---------+-------+---------
           D:1 |       0 |      44 |   0.0 |       0 |      25 |   0.0 |  1707
           D:2 |       0 |      78 |   0.0 |       0 |      16 |   0.0 |  1334
           D:3 |       0 |      14 |   0.0 |       0 |       8 |   0.0 |   572
           D:4 |       0 |      53 |   0.0 |       0 |       6 |   0.0 |   974
               +---------+---------+-------+---------+---------+-------+---------
